 Dungeon Crawl Stone Soup version 0.32-a0-576-g706899e69d (webtiles) character file.

Game seed: 569864423242504547

256968 jasper the Warrior (level 19, -8/143 (185) HPs)
             Began as a Mountain Dwarf Fighter on Mar 1, 2024.
             Was a High Priest of Okawaru.
             Killed by vampiric draining
             ... invoked by a deep elf death mage
              (43 damage)
             ... on level 3 of the Elven Halls.
             The game lasted 01:10:11 (40850 turns).

jasper the Warrior (Mountain Dwarf Fighter)        Turns: 40850, Time: 01:10:11

HP:   -8/143 (185)  AC: 35    Str: 25    XL:     19   Next: 8%
MP:   21/25         EV:  7    Int: 28    God:    Okawaru [*****.]
Gold: 3190          SH: 21    Dex:  7    Spells: 16/18 levels left

rFire   + + +        a - +8 broad axe (flame)
rCold   + . .        X - +4 tower shield {AC+3}
rNeg    . . .        o - +0 plate armour
rPois   +            V - +2 helmet "Xoiwuux" {rElec rPois Int+3}
rElec   +            U - +2 cloak
rCorr   .            g - +2 pair of gloves of Qoniceopt {rF++ Int+3}
SInv    .            t - +0 pair of boots of Qoama {^Drain rF+++ Int+5}
Will    ++...        O - amulet of Noatiug {-Cast +Blink Regen+ Slay+3} Stlth
                     i - ring of willpower
HPRegen 1.23/turn    s - ring "Fannean" {rPois rC+ Int+6 Dex-2}
MPRegen 0.19/turn

%: no spellcasting
@: finesse-ful, heavily drained
A: runic magic, artefact enchanting
}: 2/15 runes: barnacled, gossamer
a: Renounce Religion, Evoke Blink, Heroism, Finesse, Duel


You were on level 3 of the Elven Halls.
You worshipped Okawaru.
Okawaru was extremely pleased with you.
You visited 7 branches of the dungeon, and saw 34 of its levels.
You also visited: Ossuary, Gauntlet and Ice Cave.

You collected 5284 gold pieces.
You spent 2094 gold pieces at shops.

Inventory:

Hand Weapons
 a - a +8 broad axe of flaming (weapon)
 S - a +5 heavy broad axe
Missiles
 h - 17 silver javelins
 x - 19 javelins
 B - 12 curare-tipped darts
 E - 2 throwing nets
 W - 18 boomerangs (quivered)
Armour
 g - the +2 pair of gloves of Qoniceopt (worn) {rF++ Int+3}
   (Okawaru gifted it to you on level 5 of the Lair of Beasts)

   Int+3:     It affects your intelligence (+3).
   rF++:      It greatly protects you from fire.
 o - a +0 plate armour (worn)
 t - the +0 pair of boots of Qoama (worn) {^Drain rF+++ Int+5}
   (You found it in a Gauntlet)

   Int+5:     It affects your intelligence (+5).
   rF+++:     It renders you almost immune to fire.
   ^Drain:    It drains your maximum health when unequipped.
 v - a scarf of repulsion
 U - a +2 cloak (worn)
 V - the +2 helmet "Xoiwuux" (worn) {rElec rPois Int+3}
   (You found it on level 1 of the Elven Halls)

   Int+3:     It affects your intelligence (+3).
   rElec:     It insulates you from electricity.
   rPois:     It protects you from poison.
 X - a +4 tower shield of protection (worn)
Jewellery
 e - a ring of resist corrosion
 i - a ring of willpower (left hand)
 q - a ring of flight
 r - the ring "Bakui" {rN+ Dex+7}
   (You acquired it on level 4 of the Dungeon)

   [ring of positive energy]

   Dex+7:     It affects your dexterity (+7).
   rN+:       It protects you from negative energy.
 s - the ring "Fannean" (right hand) {rPois rC+ Int+6 Dex-2}
   (You acquired it on level 4 of the Dungeon)

   [ring of intelligence]

   Int+6:     It affects your intelligence (+6).
   Dex-2:     It affects your dexterity (-2).
   rC+:       It protects you from cold.
   rPois:     It protects you from poison.
 y - the ring "Zouvol" {rF+ rN+ SInv}
   (You took it off a merfolk impaler on level 4 of the Shoals)

   [ring of positive energy]

   rF+:       It protects you from fire.
   rN+:       It protects you from negative energy.
   SInv:      It lets you see invisible.
 O - the amulet of Noatiug (around neck) {-Cast +Blink Regen+ Slay+3}
   (You bought it in a shop on level 2 of the Orcish Mines)

   [amulet of regeneration]

   Slay+3:    It affects your accuracy & damage with ranged weapons and melee
   (+3).
   +Blink:    It lets you blink.
   -Cast:     It prevents spellcasting.
   Regen+:    It increases your rate of health regeneration.
Wands
 f - a wand of polymorph (7)
 n - a wand of flame (61)
 C - a wand of digging (10)
 L - a wand of warping (30)
 M - a wand of acid (6)
 P - a wand of mindburst (27)
Scrolls
 j - 5 scrolls of teleportation
 z - 6 scrolls of fog
 D - a scroll of vulnerability
 G - 2 scrolls of revelation
 H - 3 scrolls of immolation
 J - 4 scrolls of blinking
 K - 6 scrolls of poison
 R - a scroll of silence
 T - 2 scrolls of noise
 Y - 5 scrolls of fear
 Z - a scroll of torment
Potions
 d - 2 potions of might
 k - 6 potions of attraction
 l - 6 potions of ambrosia
 m - 3 potions of heal wounds
 p - a potion of resistance
 u - 16 potions of curing
 w - 3 potions of enlightenment
 A - 8 potions of lignification
 F - 5 potions of mutation
 I - 3 potions of cancellation
 N - 7 potions of haste
 Q - 2 potions of invisibility
Miscellaneous
 b - a tin of tremorstones (2/2)
 c - a lightning rod (4/4)


   Skills:
 - Level 20.0 Fighting
 - Level 18.0 Axes
 - Level 11.0 Throwing
 + Level 19.1 Armour
 - Level 15.0 Shields
 - Level 8.0 Invocations
 - Level 8.0 Evocations


You had 16 spell levels left.
You knew the following spells:

 Your Spells              Type           Power      Damage    Failure   Level
a - Blink                 Tloc           0%         N/A       52%         2

Your spell library contained the following spells:

 Spells                   Type           Power      Damage    Failure   Level
 Magic Dart               Conj           0%         1d3       36%         1
 Jinxbite                 Hex            0%         N/A       52%         2
 Mercury Vapours          Alch/Air       0%         N/A       52%         2
 Dazzling Flash           Conj/Hex       0%         N/A       75%         3
 Mephitic Cloud           Conj/Alch/Air  0%         N/A       75%         3
 Ozocubu's Armour         Ice            0%         N/A       75%         3
 Volatile Blastmotes      Fire/Tloc      0%         2d10      75%         3
 Anguish                  Hex/Necr       0%         N/A       98%         4
 Cause Fear               Hex            0%         N/A       98%         4
 Fulminant Prism          Conj/Alch      0%         3d5       98%         4
 Iskenderun's Mystic Bla  Conj/Tloc      0%         2d3       98%         4
 Leda's Liquefaction      Alch/Erth      0%         N/A       98%         4
 Passage of Golubria      Tloc           0%         N/A       98%         4
 Curse of Agony           Necr           0%         N/A       100%        5
 Freezing Cloud           Conj/Ice/Air   0%         6-21      100%        5
 Lee's Rapid Deconstruct  Erth           0%         3d4*      100%        5
 Metabolic Englaciation   Hex/Ice        0%         N/A       100%        5
 Silence                  Hex/Air        0%         N/A       100%        5
 Yara's Violent Unravell  Hex/Alch       0%         3d3       100%        5
 Bombard                  Conj/Erth      0%         9d1       100%        6
 Conjure Ball Lightning   Conj/Air       0%         3x3d6     100%        6
 Enfeeble                 Hex            0%         N/A       100%        7
 Discord                  Hex            0%         N/A       100%        8
 Disjunction              Tloc           0%         N/A       100%        8
 Lehudib's Crystal Spear  Conj/Erth      0%         10d2      100%        8
 Call Imp                 Summ           Unusable   N/A       N/A         2
 Sculpt Simulacrum        Ice/Alch       Unusable   N/A       N/A         6

Dungeon Overview and Level Annotations

Branches:
Dungeon (15/15)            Temple (1/1) D:5            Lair (5/5) D:8
 Shoals (4/4) Lair:2       Spider (4/4) Lair:2        Slime (0/5) Lair:5
    Orc (2/2) D:10            Elf (3/3) Orc:2        Vaults (0/5) D:14
 Depths (0/4) D:15        Ossuary (visited)           IceCv (visited)
Gauntlet (visited)

Altars:
Ashenzari
Cheibriados
Dithmenos
Elyvilon
Fedhas
Gozag
Hepliaklqana
Kikubaaqudgha
Makhleb
Nemelex Xobeh
Okawaru
Qazlal
Ru
Sif Muna
Trog
Uskayaw
Vehumet
Wu Jian
Xom
Yredelemnul
Zin
The Shining One
Beogh

Shops:
D:5 *   Orc:2 [=:!   Elf:1 [   Elf:3 :

Portals:
Trove: D:15 (give 7 scrolls of fear)

Annotations:
Lair:4 exclusion: oklob plant
Elf:2 3 runed translucent doors


Innate Abilities, Weirdness & Mutations

Your spellcasting is much less encumbered by armour.
You can use scrolls of enchantment on lesser artefacts.


Message History

The deep elf death mage gestures at you while chanting.
The bolt of negative energy hits you!
You feel drained.
You take 12 damage, and have 83/157 hp.
Items here: ))))))))))))))))))))))))))))) [[[[[[[[[[[[[[[[ ÷÷ †††.
You see here 3 atropa-tipped darts.
You can now deal lightning-fast blows.
You now have 20/25 mp.
You slash the deep elf death mage! You burn the deep elf death mage.
The deep elf death mage is lightly wounded.
You miss the deep elf death mage.
The deep elf death mage is lightly wounded.
You slash the deep elf death mage! You burn the deep elf death mage.
The deep elf death mage is moderately wounded.
You block the deep elf death mage's attack.
You slash the deep elf death mage! You burn the deep elf death mage.
The deep elf death mage is heavily wounded.
You slice the deep elf death mage!! You burn the deep elf death mage!
The deep elf death mage is almost dead.
The deep elf death mage gestures at you while chanting.
The bolt of negative energy hits you!!
You feel drained.
You take 19 damage, and have 69/151 hp.
You slice the deep elf death mage!! You burn the deep elf death mage.
You kill the deep elf death mage!
Okawaru accepts your kill.
You swing at nothing.
You start resting.
A deep elf death mage is nearby!
You barely miss the deep elf death mage.
The deep elf death mage casts a spell at you.
The bolt of negative energy hits you!!!
You feel drained.
* * * LOW HITPOINT WARNING * * *
You take 37 damage, and have 34/143 hp.
MASSIVE DAMAGE!!
You slice the deep elf death mage!! You burn the deep elf death mage!
The deep elf death mage is moderately wounded.
You slash the deep elf death mage! You burn the deep elf death mage.
The deep elf death mage is heavily wounded.
You closely miss the deep elf death mage.
The deep elf death mage is heavily wounded.
The deep elf death mage draws life force from you!!!
You die...

**,,,,,**
##.e2.e☼.....#* **
*,,,,,##
##4.4eE°...## *
**,,,*#.#
##...ee..## **,**
#.# ##.ee..## ***
#.# ##...## #.#
##.## #.## #.# ##e##
#.# #@#.###.# ####
#.##.e#..#######...
#.##........).......
#.#
#....#########...
#.# ##..## ##....
#.# #### ##.##.. #.#
##.###.. ## ##.##
### #### ##.## #


You could see a deep elf death mage (empowered).

Vanquished Creatures
  Zenata (Elf:2)
  Rupert (Orc:2)
  A titan (Shoals:4)
  A deep elf master archer (Elf:3)
  3 deep elf blademasters
  A kraken (Shoals:2)
  Frances (Shoals:1)
  Donald (Shoals:1)
  The ghost of Fymemafa the Sorcerer, an adept DEHW of Vehumet (Elf:1)
  5 emperor scorpions (Spider:4)
  7 deep elf sorcerers
  5 ghost moths
  3 deep elf elementalists
  3 broodmothers (Spider:4)
  5 deep elf death magi
  A deep elf demonologist (Elf:3)
  8 deep elf annihilators (Elf:3)
  A white draconian (IceCv)
  A minotaur (Gauntlet)
  4 spark wasps
  Snorg (D:13)
  4 merfolk javelineers (Shoals:4)
  6 entropy weavers
  11 merfolk impalers
  2 deep elf high priests (Elf:3)
  9 hydras
  3 vault guards (D:14)
  Fannar (Lair:3)
  An ice dragon (Lair:5)
  2 catoblepae
  2 jorogumos
  An ice dragon (shapeshifter) (D:15)
  6 radroaches
  A merfolk avatar (Shoals:3)
  4 alligator snapping turtles
  3 ogre magi (Orc:2)
  14 dancing weapons
  A centaur warrior (D:15)
  2 death yaks (D:8)
  3 two-headed ogres
  6 boulder beetles
  3 tengu warriors (D:14)
  7 merfolk aquamancers
  5 demonic crawlers
  16 deep elf knights
  A wretched star (Gauntlet)
  6 skysharks
  A pharaoh ant (Spider:1)
  3 arcanists
  7 sea snakes
  A swamp dragon (Lair:5)
  5 orb spiders
  3 harpies (Shoals:4)
  14 deep elf archers
  5 steelbarb worms
  4 thermic dynamos
  30 deep elf pyromancers
  27 deep elf zephyrmancers
  2 orc knights
  8 orc sorcerers
  A sphinx simulacrum (D:15)
  14 wolf spiders
  2 ugly things (D:13)
  3 fauns (Shoals:1)
  3 moths of wrath
  4 cyclopes
  A salamander (D:15)
  8 manticores
  An elephant (shapeshifter) (Elf:2)
  2 ice statues (IceCv)
  6 meliai
  A worldbinder (Gauntlet)
  9 merfolk sirens
  2 torpor snails
  9 water nymphs
  A gargoyle (D:10)
  5 kobold blastminers
  18 elephants
  6 cane toads
  4 black mambas
  A kobold demonologist (D:9)
  7 rime drakes
  5 unseen horrors
  2 freezing wraiths (D:15)
  7 komodo dragons
  A yaktaur (D:14)
  2 tengu conjurers (D:14)
  2 efreet (D:14)
  5 trolls
  29 merfolk
  14 tarantellas
  3 polar bears
  A tarantella (shapeshifter) (Elf:2)
  Prince Ribbit (D:7)
  3 hornets (Gauntlet)
  3 dream sheep (Shoals:4)
  19 blink frogs
  11 wind drakes
  5 snapping turtles
  16 air elementals
  15 jumping spiders
  A shadow (D:13)
  19 culicivoras
  2 fire elementals
  29 water elementals
  7 wyverns
  3 wraiths
  46 yaks
  A hog (shapeshifter) (Elf:1)
  4 basilisks
  3 vampires
  A hog (D:10)
  5 steam dragons
  18 humans (D:14)
  A neqoxec (Gauntlet)
  A warg (D:15)
  54 redbacks
  Eustachio (D:6)
  3 vampire mosquitoes (D:12)
  5 acid dragons
  19 water moccasins
  A swamp drake (Lair:5)
  12 orc warriors
  An ice beast (D:7)
  4 black bears
  8 centaurs
  6 wolves
  12 ogres
  2 boggarts (Gauntlet)
  A phantom (D:3)
  17 bullfrogs
  4 elf zombies (Ossuary)
  5 earth elementals
  2 scorpions (D:5)
  A hornet simulacrum (D:14)
  3 killer bees (D:9)
  2 lindwurm simulacra (IceCv)
  2 electric eels
  A spectral bullfrog (Ossuary)
  4 howler monkeys
  3 human zombies (Ossuary)
  2 bombardier beetles
  2 hounds
  2 jellies
  5 komodo dragon simulacra (IceCv)
  10 orc priests
  A gnoll bouda (D:6)
  A sleepcap (D:5)
  Jessica (D:3)
  12 iguanas
  30 orc wizards
  5 hell rats (Lair:2)
  2 crocodile zombies (Ossuary)
  3 spectral hounds (Ossuary)
  3 mummies (Ossuary)
  3 gnolls (D:6)
  6 acid dragon simulacra (IceCv)
  7 adders
  A hound simulacrum (Ossuary)
  A shadow imp (D:7)
  3 white imps
  2 ufetubi (D:4)
  8 steam dragon simulacra (IceCv)
  3 ribbon worms
  2 spectral gnolls (Ossuary)
  2 dart slugs
  3 adder simulacra (Ossuary)
  50 orcs
  6 bats
  10 endoplasms
  2 giant cockroaches
  3 gnoll zombies (Ossuary)
  13 goblins
  7 hobgoblins
  2 jackals (D:1)
  7 quokkas
  6 ball pythons
  2 frilled lizards (D:1)
  A gnoll simulacrum (Ossuary)
  4 jackal simulacra (Ossuary)
  5 kobolds
  5 kobold zombies (Ossuary)
  8 orc zombies (Ossuary)
  9 rats
  3 spectral jackals (Ossuary)
  4 tentacles (Shoals:2)
1118 creatures vanquished.

Vanquished Creatures (others)
  A merfolk impaler (Shoals:4)
  A merfolk aquamancer (Shoals:4)
  A deep elf zephyrmancer (Elf:3)
  A rime drake (IceCv)
  2 wind drakes (Shoals:4)
  4 orc wizards
  4 tentacles (Shoals:2)
14 creatures vanquished.

Grand Total: 1132 creatures vanquished

Notes
Turn   | Place    | Note
-------+----------+-------------------------------------------
     0 | D:1      | jasper the Mountain Dwarf Fighter began the quest for the
                  | Orb.
     0 | D:1      | Reached XP level 1. HP: 19/19 MP: 1/1
   142 | D:1      | Reached XP level 2. HP: 23/26 MP: 2/2
   863 | D:1      | Reached XP level 3. HP: 31/31 MP: 3/3
  2160 | D:2      | Learned a level 2 spell: Blink
  2347 | D:3      | Reached XP level 4. HP: 17/40 MP: 4/4
  2650 | D:3      | Identified the +3 spear of Qefewnulokh {venom, Dex+2}
  2686 | D:3      | Reached skill level 4 in Fighting
  2906 | D:3      | Noticed Jessica
  2915 | D:3      | Killed Jessica
  2916 | D:3      | Reached XP level 5. HP: 23/46 MP: 5/5
  3199 | D:3      | Noticed a phantom
  3211 | D:3      | Killed a phantom
  3212 | D:3      | Reached skill level 5 in Axes
  3634 | D:4      | Reached XP level 6. HP: 47/53 MP: 4/6
  4054 | D:4      | Identified 3 scrolls of acquirement
  4054 | D:4      | Acquired 919 gold pieces
  4056 | D:4      | Acquired the ring "Bakui" {rN+ Dex+7}
  4059 | D:4      | Acquired the ring "Fannean" {rPois rC+ Int+6 Dex-2}
  4574 | D:5      | Entered Level 5 of the Dungeon
  4794 | D:5      | Identified the +2 ring mail "Uciell" {rCorr Int+5 Dex+2
                  | Slay-5}
  4858 | D:5      | Found Umac's Distillery.
  4867 | D:5      | Bought a potion of resistance for 110 gold pieces
  4867 | D:5      | Bought a potion of curing for 33 gold pieces
  4867 | D:5      | Bought 2 potions of curing for 66 gold pieces
  4867 | D:5      | Bought a potion of curing for 33 gold pieces
  4867 | D:5      | Bought a potion of invisibility for 88 gold pieces
  4867 | D:5      | Bought a potion of ambrosia for 88 gold pieces
  4867 | D:5      | Bought a potion of enlightenment for 55 gold pieces
  4867 | D:5      | Bought a potion of degeneration for 11 gold pieces
  4916 | D:5      | Reached skill level 5 in Fighting
  4916 | D:5      | Reached skill level 5 in Armour
  4916 | D:5      | Reached XP level 7. HP: 61/61 MP: 7/7
  4976 | D:5      | Reached skill level 5 in Shields
  5154 | D:5      | Found Xiseafrud's General Store.
  5160 | D:5      | Bought 4 curare-tipped darts for 67 gold pieces
  5160 | D:5      | Bought a scroll of vulnerability for 56 gold pieces
  5160 | D:5      | Bought a wand of charming (9) for 302 gold pieces
  5221 | D:5      | Found a staircase to the Ecumenical Temple.
  5355 | Temple   | Entered the Ecumenical Temple
  5373 | Temple   | Became a worshipper of Warmaster Okawaru
  5431 | D:6      | Reached XP level 8. HP: 38/69 MP: 3/8
  5578 | D:6      | Reached * piety under Okawaru
  5783 | D:6      | Noticed Eustachio
  5807 | D:6      | Killed Eustachio
  6224 | D:6      | Reached skill level 6 in Fighting
  6659 | D:7      | Reached skill level 1 in Invocations
  6707 | D:7      | Reached ** piety under Okawaru
  6851 | D:7      | Found a sand-covered staircase.
  6862 | Ossuary  | Entered an ossuary
  6948 | Ossuary  | Reached XP level 9. HP: 70/77 MP: 9/11
  7419 | D:7      | Found a sacrificial altar of Ru.
  7515 | D:7      | Noticed a troll
  7516 | D:7      | Noticed Prince Ribbit
  7530 | D:7      | Killed a troll
  7535 | D:7      | Reached skill level 7 in Fighting
  7554 | D:7      | Killed Prince Ribbit
  7555 | D:7      | Reached skill level 10 in Axes
  7699 | D:8      | Found an ornate altar of the Wu Jian Council.
  7700 | D:8      | Noticed a troll
  7710 | D:8      | Killed a troll
  7845 | D:8      | Found a staircase to the Lair.
  7845 | D:8      | Noticed a death yak
  7845 | D:8      | Noticed a death yak
  7870 | D:8      | Killed a death yak
  7870 | D:8      | Reached *** piety under Okawaru
  7871 | D:8      | Reached XP level 10. HP: 74/86 MP: 9/12
  7888 | D:8      | Killed a death yak
  7900 | D:8      | Reached skill level 8 in Fighting
  8063 | D:8      | Noticed a two-headed ogre
  8073 | D:8      | Killed a two-headed ogre
  8073 | D:8      | Reached **** piety under Okawaru
  9353 | D:9      | Found an ancient bone altar of Kikubaaqudgha.
  9510 | D:9      | Noticed an orange demon
  9782 | D:9      | Reached ***** piety under Okawaru
  9784 | D:9      | Reached XP level 11. HP: 70/95 MP: 9/13
 10121 | D:10     | Entered Level 10 of the Dungeon
 10130 | D:10     | Noticed Sonja
 10138 | D:10     | Sonja changed into Sonja the black mamba
 10138 | D:10     | Noticed Sonja
 10141 | D:10     | Killed Sonja the black mamba
 10142 | D:10     | Reached skill level 1 in Throwing
 10318 | D:10     | Identified the +7 trident "Ihalet" {drain, Int+4}
 10386 | D:10     | Found a glowing golden altar of the Shining One.
 10481 | D:10     | Noticed Erolcha
 10485 | D:10     | Erolcha changed into Erolcha the hog
 10485 | D:10     | Noticed Erolcha
 10492 | D:10     | Killed Erolcha the hog
 10501 | D:10     | Noticed a two-headed ogre
 10724 | D:10     | Killed a two-headed ogre
 10725 | D:10     | Reached skill level 5 in Invocations
 11026 | D:10     | Received a gift from Okawaru
 11550 | D:10     | Found a staircase to the Orcish Mines.
 12357 | D:11     | Noticed a boulder beetle
 12367 | D:11     | Killed a boulder beetle
 12467 | D:11     | Noticed a two-headed ogre
 12480 | D:11     | Killed a two-headed ogre
 12701 | D:11     | Reached skill level 5 in Throwing
 13311 | Lair:1   | Entered Level 1 of the Lair of Beasts
 13333 | Lair:1   | Reached skill level 9 in Fighting
 13550 | Lair:1   | Noticed a catoblepas
 13576 | Lair:1   | Killed a catoblepas
 13595 | Lair:1   | Reached XP level 12. HP: 34/104 MP: 10/18
 14985 | Lair:2   | Found a staircase to the Shoals.
 15122 | Lair:2   | Received a gift from Okawaru
 15123 | Lair:2   | Reached skill level 15 in Axes
 15443 | Lair:2   | Found a hole to the Spider Nest.
 15638 | Lair:2   | Acquired a +1 tower shield of protection
 16274 | Lair:3   | Received a gift from Okawaru
 16383 | Lair:3   | Noticed a six-headed hydra
 16393 | Lair:3   | Killed a six-headed hydra
 16575 | Lair:3   | Noticed Fannar
 16616 | Lair:3   | Killed Fannar
 16617 | Lair:3   | Reached skill level 10 in Fighting
 16617 | Lair:3   | Reached skill level 10 in Armour
 16617 | Lair:3   | Reached skill level 10 in Shields
 16970 | Lair:3   | Noticed a six-headed hydra
 16981 | Lair:3   | Killed a six-headed hydra
 17107 | Lair:3   | Received a gift from Okawaru
 17108 | Lair:3   | Reached skill level 11 in Fighting
 17108 | Lair:3   | Reached XP level 13. HP: 102/116 MP: 19/19
 18001 | Lair:4   | Reached skill level 12 in Fighting
 18755 | Lair:4   | Reached skill level 13 in Fighting
 19171 | Lair:5   | Entered Level 5 of the Lair of Beasts
 19235 | Lair:5   | Found a staircase to the Slime Pits.
 19400 | Lair:5   | Reached ****** piety under Okawaru
 19400 | Lair:5   | Received a gift from Okawaru
 19401 | Lair:5   | Reached skill level 14 in Fighting
 19450 | Lair:5   | Acquired a +4 broad axe of flaming
 19450 | Lair:5   | Received a gift from Okawaru
 19451 | Lair:5   | Acquired the +1 pair of gloves of Qoniceopt {rF++ Int+3}
 19451 | Lair:5   | Received a gift from Okawaru
 19596 | Lair:5   | Identified the blade talisman of Otoovuotoj {rN+ rCorr
                  | Int-4 Dex+7}
 19647 | Lair:5   | Reached skill level 15 in Fighting
 19801 | Lair:5   | Received a gift from Okawaru
 19802 | Lair:5   | Reached XP level 14. HP: 66/135 MP: 20/20
 20604 | Orc:1    | Entered Level 1 of the Orcish Mines
 20706 | Orc:2    | Entered Level 2 of the Orcish Mines
 20719 | Orc:2    | Found a gate leading to a gauntlet.
 20728 | Gauntlet | Entered a Gauntlet
 20728 | Gauntlet | Found a transporter.
 20739 | Gauntlet | Found a transporter.
 20754 | Gauntlet | Found a transporter.
 20759 | Gauntlet | Found a transporter.
 20776 | Gauntlet | Found a transporter.
 20793 | Gauntlet | Found a transporter.
 20805 | Gauntlet | Found a transporter.
 20817 | Gauntlet | Found a transporter.
 20829 | Gauntlet | Found a transporter.
 20841 | Gauntlet | Found a transporter.
 20858 | Gauntlet | Found a transporter.
 20876 | Gauntlet | Found a transporter.
 20878 | Gauntlet | Found a transporter.
 20904 | Gauntlet | Found a transporter.
 20906 | Gauntlet | Found a transporter.
 20926 | Gauntlet | Found a transporter.
 21004 | Gauntlet | Found a transporter.
 21024 | Gauntlet | Found a transporter.
 21181 | Gauntlet | Received a gift from Okawaru
 21250 | Gauntlet | Identified the +0 pair of boots of Qoama {^Drain rF+++
                  | Int+5}
 21413 | Orc:2    | Found a staircase to the Elven Halls.
 21728 | Orc:2    | Found Diexuck's Antique Armour Shoppe.
 21762 | Orc:2    | Noticed Rupert
 21765 | Orc:2    | Found Attybooto's Distillery.
 21775 | Orc:2    | Bought 2 potions of lignification for 78 gold pieces
 21775 | Orc:2    | Bought a potion of heal wounds for 65 gold pieces
 21775 | Orc:2    | Bought a potion of haste for 130 gold pieces
 21775 | Orc:2    | Bought a potion of lignification for 39 gold pieces
 21775 | Orc:2    | Bought a potion of curing for 39 gold pieces
 21775 | Orc:2    | Bought 2 potions of haste for 260 gold pieces
 21775 | Orc:2    | Bought 2 potions of curing for 78 gold pieces
 21802 | Orc:2    | Paralysed by Rupert for 3 turns
 21814 | Orc:2    | Killed Rupert
 22030 | Orc:2    | Found a radiant altar of Vehumet.
 22040 | Orc:2    | Paralysed by an orc sorcerer for 4 turns
 22087 | Orc:2    | Found an ancient bone altar of Kikubaaqudgha.
 22125 | Orc:2    | Received a gift from Okawaru
 22137 | Orc:2    | Found a roughly hewn altar of Beogh.
 22137 | Orc:2    | Found Pibuul's Book Shoppe.
 22193 | Orc:2    | Found Kompotei's Jewellery Emporium.
 22217 | Orc:2    | Bought the amulet of Noatiug {-Cast +Blink Regen+ Slay+3}
                  | for 496 gold pieces
 22645 | D:12     | Found a frozen archway.
 22654 | IceCv    | Entered an ice cave
 23644 | D:13     | Found a snail-covered altar of Cheibriados.
 23728 | D:13     | Noticed Snorg
 23742 | D:13     | Killed Snorg
 24381 | D:14     | Found a broken altar of Ashenzari.
 24592 | D:14     | Received a gift from Okawaru
 24655 | D:14     | Identified the +3 rapier "Lunnair" {drain, Stlth+}
 24800 | D:14     | Reached XP level 15. HP: 137/141 MP: 21/21
 24815 | D:14     | Reached skill level 15 in Armour
 24857 | D:14     | Found a gate to the Vaults.
 25322 | D:14     | Received a gift from Okawaru
 25660 | D:15     | Entered Level 15 of the Dungeon
 25738 | D:15     | Found a hide-covered altar of Uskayaw.
 26054 | D:15     | Found a staircase to the Depths.
 26346 | D:15     | Found a portal to a secret trove of treasure.
 26598 | Spider:1 | Entered Level 1 of the Spider Nest
 27035 | Spider:1 | Received a gift from Okawaru
 28039 | Spider:2 | Identified the +6 rapier "Trog's Righteous Fury" {venom,
                  | rF+ rCorr Str+4}
 28201 | Spider:2 | Received a gift from Okawaru
 28430 | Spider:2 | Reached skill level 15 in Shields
 28928 | Spider:2 | Reached skill level 5 in Evocations
 28938 | Spider:2 | Reached XP level 16. HP: 125/149 MP: 22/22
 29178 | Spider:3 | Identified the +2 robe of Wuqyd {Int+3}
 29335 | Spider:3 | Received a gift from Okawaru
 29464 | Spider:4 | Entered Level 4 of the Spider Nest
 30774 | Spider:4 | Received a gift from Okawaru
 30919 | Spider:4 | Got a gossamer rune of Zot
 31192 | Spider:4 | Received a gift from Okawaru
 31411 | Shoals:1 | Entered Level 1 of the Shoals
 31421 | Shoals:1 | Noticed Frances
 31429 | Shoals:1 | Killed Frances
 31514 | Shoals:1 | Noticed Donald
 31519 | Shoals:1 | Reached skill level 10 in Throwing
 31526 | Shoals:1 | Killed Donald
 32662 | Shoals:2 | Received a gift from Okawaru
 32664 | Shoals:2 | Reached XP level 17. HP: 79/156 MP: 23/23
 33584 | Shoals:2 | Noticed a kraken
 33596 | Shoals:2 | Killed a kraken
 34231 | Shoals:3 | Acquired 690 gold pieces
 34822 | Shoals:3 | Reached skill level 16 in Fighting
 34866 | Shoals:3 | Received a gift from Okawaru
 35194 | Shoals:4 | Entered Level 4 of the Shoals
 35194 | Shoals:4 | Found a blossoming altar of Fedhas.
 35479 | Shoals:4 | Paralysed by an air elemental for 1 turns
 35482 | Shoals:4 | Paralysed by an air elemental for 1 turns
 35487 | Shoals:4 | Paralysed by an air elemental for 1 turns
 35491 | Shoals:4 | Paralysed by an air elemental for 1 turns
 35498 | Shoals:4 | Paralysed by an air elemental for 1 turns
 35521 | Shoals:4 | Identified the ring "Zouvol" {rF+ rN+ SInv}
 35542 | Shoals:4 | Reached skill level 17 in Fighting
 35647 | Shoals:4 | Paralysed by an air elemental for 1 turns
 35651 | Shoals:4 | Paralysed by an air elemental for 1 turns
 35654 | Shoals:4 | Paralysed by an air elemental for 1 turns
 35658 | Shoals:4 | Paralysed by an air elemental for 1 turns
 35711 | Shoals:4 | Received a gift from Okawaru
 35889 | Shoals:4 | Paralysed by an air elemental for 1 turns
 35913 | Shoals:4 | Paralysed by an air elemental for 1 turns
 36090 | Shoals:4 | Paralysed by an air elemental for 1 turns
 36118 | Shoals:4 | Reached skill level 18 in Fighting
 36144 | Shoals:4 | Paralysed by an air elemental for 1 turns
 36190 | Shoals:4 | Noticed a titan
 36209 | Shoals:4 | Killed a titan
 36271 | Shoals:4 | Identified the +1 rapier of Soatuis {freeze, rF+ Str+3}
 36324 | Shoals:4 | Identified the staff of Terror {Int+4 Conj}
 36329 | Shoals:4 | Got a barnacled rune of Zot
 36415 | Shoals:4 | Paralysed by an air elemental for 1 turns
 36420 | Shoals:4 | Paralysed by an air elemental for 1 turns
 36938 | Elf:1    | Entered Level 1 of the Elven Halls
 37021 | Elf:1    | Received a gift from Okawaru
 37080 | Elf:1    | Reached skill level 19 in Fighting
 37227 | Elf:1    | Reached XP level 18. HP: 170/176 MP: 24/24
 37418 | Elf:1    | Found a huge runed translucent gate.
 37419 | Elf:1    | Found a huge runed translucent gate.
 37424 | Elf:1    | Found a huge runed translucent gate.
 37426 | Elf:1    | Found a huge runed translucent gate.
 37426 | Elf:1    | Found a huge runed translucent gate.
 37426 | Elf:1    | Found a huge runed translucent gate.
 37426 | Elf:1    | Found a huge runed translucent gate.
 37427 | Elf:1    | Found a huge runed translucent gate.
 37427 | Elf:1    | Found a huge runed translucent gate.
 37427 | Elf:1    | Found a huge runed translucent gate.
 37427 | Elf:1    | Found a huge runed translucent gate.
 37427 | Elf:1    | Found a huge runed translucent gate.
 37427 | Elf:1    | Found a huge runed translucent gate.
 37427 | Elf:1    | Found a huge runed translucent gate.
 37428 | Elf:1    | Found a huge runed translucent gate.
 37428 | Elf:1    | Found a huge runed translucent gate.
 37432 | Elf:1    | Found a huge runed translucent gate.
 37432 | Elf:1    | Found a huge runed translucent gate.
 37432 | Elf:1    | Found a huge runed translucent gate.
 37433 | Elf:1    | Found a huge runed translucent gate.
 37501 | Elf:1    | Found a runed translucent gate.
 37502 | Elf:1    | Found a runed translucent gate.
 37502 | Elf:1    | You fall into a shaft and drop 1 floor!
 37509 | Elf:2    | Paralysed by an air elemental for 1 turns
 37668 | Elf:2    | Noticed Zenata
 37696 | Elf:2    | Found Etinnu's Assorted Antiques.
 37711 | Elf:2    | Killed Zenata
 37720 | Elf:2    | Reached skill level 20 in Fighting
 37842 | Elf:2    | Paralysed by an air elemental for 1 turns
 37917 | Elf:2    | Received a gift from Okawaru
 37917 | Elf:2    | Paralysed by an air elemental for 1 turns
 37922 | Elf:2    | Paralysed by an air elemental for 1 turns
 38053 | Elf:2    | Found a runed translucent gate.
 38054 | Elf:2    | Found a runed translucent gate.
 38054 | Elf:2    | Found a runed translucent gate.
 38255 | Elf:1    | Found Kibuawk's Armour Emporium.
 38353 | Elf:1    | Found a runed translucent gate.
 38355 | Elf:1    | Noticed Fymemafa's ghost (adept DEHW)
 38792 | Elf:1    | Killed Fymemafa's ghost
 38868 | Elf:1    | Identified the +1 pair of gloves of Supple Strength {Harm
                  | Rampage}
 38878 | Elf:1    | Identified the +0 helmet "Xoiwuux" {rElec rPois Int+3}
 39761 | Elf:3    | Entered Level 3 of the Elven Halls
 39778 | Elf:3    | Paralysed by an air elemental for 1 turns
 39800 | Elf:3    | Found Cunoid's Book Shoppe.
 39800 | Elf:3    | Noticed a walking earthen tome
 40002 | Elf:3    | Received a gift from Okawaru
 40039 | Elf:3    | Paralysed by an air elemental for 1 turns
 40442 | Elf:3    | Received a gift from Okawaru
 40597 | Elf:3    | Reached XP level 19. HP: 55/185 MP: 20/25
 40850 | Elf:3    | Killed from afar by a deep elf death mage

Illustrated notes

Levels and vault maps discovered:
D:1:      wheals_arrival_linesprint, layout_basic
D:2:      layout_basic, minmay_tromino_v4_c
D:3:      cheibrodos_greedy_goblins, layout_loops_corners,
          minmay_misc_feat_rugged, nicolae_the_louvre, uniq_jessica
D:4:      layout_basic, kennysheep_generic_room_8
D:5:      layout_rooms, temple_statues, serial_shops,
          nicolae_shop_industrial_runoff, interstate_on_off,
          serial_bayou_pond_d, minmay_shop_grid_forest, fountainhead,
          minmay_statues_item, water_maze_lemuel
D:6:      layout_basic, minmay_misc_feat_chi, uniq_eustachio
D:7:      layout_rooms, nicolae_overflow_crystal_walls,
          nicolae_ossuary_entry_ruins, uniq_prince_ribbit1
D:8:      layout_cave_pods, lemuel_round_altar, dpeg_lair_monsters
D:9:      layout_small_grid, overflow_temple_1_default
D:10:     layout_long_grid, tso_oasis_becter, david_orc_4, uniq_erolcha,
          uniq_sonja
D:11:     layout_small_grid, nzn_sisyphean_effort
D:12:     layout_cave_pools, portal_ice_cave_entry_pillars_1
D:13:     layout_basic, slow_altar_2, uniq_snorg
D:14:     layout_basic, grunt_vaults_entry_tiered, ashenzari_altar_1,
          chequers_garden, billiards_dpeg
D:15:     hangedman_depths_entry_try_elsewhere_first, layout_loops_ring,
          nicolae_trove_entry_diagonal, minivault_26, dancing_weapons_uskayaw
Temple:   mainiacjoe_temple_bowtie_tessellation
Lair:1:   layout_chaotic_city, eino_small_chamber_without_monster,
          serial_bayou_shore_a
Lair:2:   layout_long_grid, elwin_shoals_entry_rooms,
          spider_nest_entry_web_field
Lair:3:   layout_hall_layers, uniq_fannar
Lair:4:   layout_roguey
Lair:5:   guppyfry_lair_end_dragon, layout_layer_cave, slime_entry_2
Shoals:1: layout_shoals, uniq_frances, uniq_donald
Shoals:2: layout_shoals, nicolae_shoals_kraken_intersection
Shoals:3: layout_shoals, nicolae_shoals_lost_giant_baths
Shoals:4: shoals_end_hellmonk_storm_palace [storm_palace_center_circular,
          storm_palace_corner_pillars, storm_palace_corner_altar,
          storm_palace_corner_pillars, storm_palace_corner_pillars]
Spider:1: layout_spider_delve, nicolae_spider_wall_of_niches
Spider:2: layout_spider_delve
Spider:3: layout_spider_delve
Spider:4: grunt_spider_rune_parallel, drop_trap
Orc:1:    layout_diamond_mine
Orc:2:    kennysheep_orc_mage_school, layout_caves, gauntlet_entry_generic,
          uniq_rupert
Elf:1:    minmay_elf_arrival_circle, layout_geoelf_diagonals, serial_shops,
          shop_statue, gammafunk_ghost_tricky_traps, hangedman_elf_represent
Elf:2:    nicolae_elf_blades_crystal_corner, layout_geoelf_diagonals,
          serial_shops, nicolae_shop_crystal, uniq_zenata
Elf:3:    minmay_elf_hall_four_x, layout_rooms, serial_shops,
          nicolae_shop_mannequins

Skill      XL: |  1  2  3  4  5  6  7  8  9 10 11 12 13 14 15 16 17 18 19 |
---------------+----------------------------------------------------------+-----
Axes           | 3 4 5 6 7 8 10 12 13 16 17 18 | 18.0
Armour         | 4 5 6 7 8 9 10 14 15 18 19 | 19.1
Fighting       | 4 5 6 7 8 9 11 15 19 20 | 20.0
Shields        | 4 5 6 7 8 9 10 15 | 15.0
Evocations     | 3 5 8 |  8.0
Invocations    | 3 8 |  8.0
Throwing       | 5 10 11 | 11.0

Action                     |  1- 3 |  4- 6 |  7- 9 | 10-12 | 13-15 | 16-18 | 19-21 || total
---------------------------+-------+-------+-------+-------+-------+-------+-------++-------
  Melee: War axe           |   142 |   157 |   352 |   773 |   271 |       |       ||  1695
         Trident           |       |       |       |    16 |    18 |       |       ||    34
         Broad axe         |       |       |       |       |   875 |  1469 |    46 ||  2390
  Throw: Dart              |    22 |    24 |    26 |    39 |     8 |     4 |       ||   123
         Javelin           |       |       |     3 |       |       |       |       ||     3
         Boomerang         |       |       |       |       |    24 |    48 |       ||    72
 Invoke: Heroism           |       |       |     3 |     8 |     1 |     6 |       ||    18
         Receive Weapon    |       |       |       |       |     1 |       |       ||     1
         Receive Armour    |       |       |       |       |     1 |       |       ||     1
         Finesse           |       |       |       |       |     1 |    11 |     1 ||    13
  Evoke: Wand              |       |       |     6 |     6 |     1 |     2 |       ||    15
         Tin of tremorston |       |       |       |       |     2 |       |       ||     2
    Use: Scroll            |     5 |     8 |     6 |     8 |    13 |    14 |     1 ||    55
         Potion            |       |       |     2 |    11 |     3 |     6 |       ||    22
   Stab: Petrified         |       |       |       |     5 |       |       |       ||     5
         Distracted        |       |       |       |       |       |     1 |       ||     1
 Armour: Scale mail        |   101 |   111 |    22 |       |       |       |       ||   234
         Plate armour      |       |       |   297 |   790 |  1096 |  1232 |    25 ||  3440
  Dodge: Dodged            |    58 |    85 |    96 |   174 |   172 |   224 |     2 ||   811
         Repelled          |       |       |       |       |       |    49 |       ||    49
  Block: Buckler           |    35 |    47 |   115 |   264 |       |       |       ||   461
         Tower shield      |       |       |       |   248 |  1318 |  1541 |    18 ||  3125

Table legend: (Time is in decaauts)
 A = Elapsed time spent in this place.
 B = Non-inter-level travel time spent in this place.
 C = Inter-level travel time spent in this place.
 D = Time resting spent in this place.
 E = Time spent auto-exploring this place.
 F = Levels seen in this place.
 G = Mean time per level.
                   A        B        C        D        E       F      G
               +--------+--------+--------+--------+--------+-----+--------+
         Total |  40580 |  37580 |   3000 |   3748 |  24262 |  37 | 1096.8 |
       Dungeon |  16815 |  15263 |   1552 |   1102 |  11190 |  15 | 1121.0 |
        Temple |     35 |      2 |     33 |      0 |      0 |   1 |   35.0 |
          Lair |   7523 |   6889 |    634 |    299 |   5258 |   5 | 1504.6 |
        Shoals |   4592 |   4315 |    277 |    654 |   1874 |   4 | 1148.0 |
   Spider Nest |   4891 |   4557 |    334 |    728 |   2696 |   4 | 1222.8 |
  Orcish Mines |   1356 |   1263 |     93 |     27 |    857 |   2 |  678.0 |
   Elven Halls |   3734 |   3660 |     74 |    837 |   1557 |   3 | 1244.7 |
       Ossuary |    484 |    484 |      0 |      0 |    247 |   1 |  484.0 |
      Ice Cave |    524 |    524 |      0 |    100 |    235 |   1 |  524.0 |
      Gauntlet |    621 |    621 |      0 |      0 |    347 |   1 |  621.0 |
               +--------+--------+--------+--------+--------+-----+--------+

Top non-repeatable levels by time:
   Elf:1: 2041 daAuts
    D:10: 1838 daAuts
Spider:4: 1824 daAuts
  Lair:3: 1790 daAuts
  Lair:1: 1662 daAuts
     D:8: 1651 daAuts
     D:3: 1543 daAuts
  Lair:2: 1457 daAuts
Shoals:4: 1435 daAuts
  Lair:4: 1382 daAuts
    D:11: 1367 daAuts
Spider:1: 1353 daAuts
    D:14: 1343 daAuts
   Orc:2: 1244 daAuts
  Lair:5: 1229 daAuts
